[Event "ICCopen2016"]
[Site "Internet Chess Club"]
[Date "2016.06.04"]
[Round "4"]
[White "GrandUnified"]
[Black "motipen"]
[Result "0-1"]
[ICCResult "White resigns"]
[WhiteElo "1359"]
[BlackElo "1849"]
[Opening "Réti: King's Indian attack"]
[ECO "A08"]
[NIC "QP.10"]
[Time "14:36:19"]
[TimeControl "180+0"]

1. Nf3 c5 2. g3 d5 3. Bg2 Nc6 4. d4 Bf5 5. dxc5 e6 6. Nh4 Bg4 7. O-O Bxc5 8.
a3 Be7 9. Nc3 Bxh4 10. gxh4 Qxh4 11. Nb5 Qd8 12. Bf4 e5 13. Bg3 Be6 14. Qd3
Nf6 15. Rfd1 O-O 16. c3 a6 {White resigns} 0-1

[Event "ICCopen2016"]
[Site "Internet Chess Club"]
[Date "2016.06.04"]
[Round "4"]
[White "GolfPro"]
[Black "QuieroAprender"]
[Result "1-0"]
[ICCResult "Black forfeits on time"]
[WhiteElo "1783"]
[BlackElo "1374"]
[Opening "Queen's pawn"]
[ECO "A40"]
[NIC "QO.17"]
[Time "14:33:23"]
[TimeControl "180+0"]

1. d4 e6 2. c4 Be7 3. Nc3 d6 4. Nf3 Nf6 5. e4 h6 6. Bd3 b6 7. O-O Bb7 8. Bf4
Nbd7 9. Re1 O-O 10. e5 dxe5 11. Nxe5 Nxe5 12. Bxe5 Ne8 13. Qg4 Nf6 14. Qg3
Bd6 15. Bxd6 Qxd6 16. Qxd6 cxd6 17. Ne4 Nxe4 18. Bxe4 Bxe4 19. Rxe4 Rfc8 20.
b3 a5 21. Kf1 Kf8 22. Ke2 d5 23. cxd5 exd5 24. Re5 Rc2+ 25. Kf3 Rd8 26. h4
Rd6 27. Rae1 Rd8 28. a4 Rc3+ 29. R1e3 Rxe3+ 30. Kxe3 Re8 31. Kf4 Rd8 32. g4
f6 33. Re6 Re8 34. Kf5 Kf7 35. Rxe8 Kxe8 36. Ke6 Kf8 37. Kxd5 Kf7 38. Kc6 f5
39. f3 Kf6 40. d5 f4 41. d6 g5 42. h5 Ke5 43. d7 Kd4 44. d8=Q+ Ke3 45. Qd5
Kf2 46. Kxb6 Kg3 47. Kc5 Kg2 48. Qe4 Kg3 49. Qg6 Kg2 50. Qxh6 Kg3 51. Qxg5
Kxf3 52. Qxf4+ Kxf4 53. h6 Kg5 54. h7 Kg6 55. h8=Q Kf7 56. Qh6 Ke8 57. Kd6
{Black forfeits on time}
1-0

[Event "ICCopen2016"]
[Site "Internet Chess Club"]
[Date "2016.06.04"]
[Round "4"]
[White "arnav311004"]
[Black "pierredams"]
[Result "1-0"]
[ICCResult "Black resigns"]
[WhiteElo "1535"]
[BlackElo "1755"]
[Opening "Caro-Kann: Tartakower (Nimzovich) variation"]
[ECO "B15"]
[NIC "CK.06"]
[Time "14:34:55"]
[TimeControl "180+0"]

1. e4 c6 2. d4 d5 3. Nc3 dxe4 4. Nxe4 Nf6 5. Nxf6+ exf6 6. Nf3 Bd6 7. Bd3
O-O 8. Be3 Bg4 9. h3 Bh5 10. Qd2 Nd7 11. O-O-O Nb6 12. g4 Bg6 13. h4 Nd5 14.
g5 Nxe3 15. fxe3 fxg5 16. hxg5 Qe7 17. Rde1 Qe6 18. Kb1 Rae8 19. Qg2 Bxd3
20. cxd3 Qg6 21. e4 Bb4 22. Reg1 f5 23. Ne5 Rxe5 24. dxe5 fxe4 25. Qxe4 Qxe4
26. dxe4 Re8 27. Rg4 Rxe5 28. Rd1 Be7 29. Rd7 Rb5 30. Rxe7 Kf8 31. Rc7 h5
32. Rf4+ Kg8 33. Rf5 Rb4 34. g6 {Black resigns} 1-0

[Event "ICCopen2016"]
[Site "Internet Chess Club"]
[Date "2016.06.04"]
[Round "4"]
[White "Oblique"]
[Black "victor22224444"]
[Result "0-1"]
[ICCResult "White resigns"]
[WhiteElo "1753"]
[BlackElo "2347"]
[Opening "Queen's Pawn"]
[ECO "A41"]
[NIC "QO.17"]
[Time "14:34:42"]
[TimeControl "180+0"]

1. d4 d6 2. Nf3 Nf6 3. Bg5 Nbd7 4. e3 e5 5. Bd3 Be7 6. Nbd2 O-O 7. O-O Re8
8. c4 c6 9. Rc1 Qc7 10. dxe5 dxe5 11. Bh4 Nc5 12. Bb1 Bg4 13. Bg3 Ncd7 14.
Qc2 Bd6 15. h3 Bh5 16. Rfd1 Bg6 17. Qc3 Bxb1 18. Rxb1 e4 19. Bxd6 Qxd6 20.
Nd4 Qe5 21. Ne2 Qg5 22. Nb3 Ne5 23. Nbd4 Rad8 24. Nf4 h5 25. b3 a6 26. Qc2
c5 27. Nde2 h4 28. Nc3 Nf3+ 29. Kh1 Nd4 30. exd4 Qxf4 31. d5 e3 32. fxe3
Rxe3 33. Rf1 Qg5 34. Qd2 Rxh3+ {White resigns} 0-1

[Event "ICCopen2016"]
[Site "Internet Chess Club"]
[Date "2016.06.04"]
[Round "4"]
[White "gonesailing"]
[Black "MBJPM"]
[Result "0-1"]
[ICCResult "White checkmated"]
[WhiteElo "1587"]
[BlackElo "1844"]
[Opening "Trompowsky attack (Ruth, Opocenský opening)"]
[ECO "A45"]
[NIC "QP.07"]
[Time "14:34:37"]
[TimeControl "180+0"]

1. d4 Nf6 2. Bg5 c5 3. d5 d6 4. Nc3 Nbd7 5. e4 a6 6. a4 h6 7. Be3 Ne5 8. f3
g5 9. h4 g4 10. f4 Ng6 11. h5 Nxh5 12. Rxh5 Bg7 13. Qd2 Qb6 14. f5 Ne5 15.
Bxh6 Bxh6 16. Rxh6 Rxh6 17. Qxh6 Qxb2 18. Qh8+ Kd7 19. Rd1 Qxc3+ 20. Ke2 b5
21. a5 Qxc2+ 22. Rd2 Qxe4+ 23. Kd1 Qxf5 24. Ne2 Qxf1+ 25. Kc2 Qf5+ 26. Kd1
Bb7 27. Qh6 Qf1+ 28. Kc2 Qxg2 29. Nf4 Qe4+ 30. Kd1 Nf3 31. Re2 Qb1#
{White checkmated}
0-1

[Event "ICCopen2016"]
[Site "Internet Chess Club"]
[Date "2016.06.04"]
[Round "4"]
[White "CrossShark"]
[Black "searchforbobby1"]
[Result "1-0"]
[ICCResult "Black forfeits on time"]
[WhiteElo "2604"]
[BlackElo "2077"]
[Opening "Sicilian: Pelikan, Bird variation"]
[ECO "B33"]
[NIC "SI.36"]
[Time "14:34:09"]
[TimeControl "180+0"]

1. e4 c5 2. Nf3 Nc6 3. d4 cxd4 4. Nxd4 Nf6 5. Nc3 e5 6. Ndb5 d6 7. Bg5 a6 8.
Na3 Be6 9. Nc4 Rc8 10. Ne3 Be7 11. g3 O-O 12. Bg2 h6 13. Bxf6 Bxf6 14. O-O
Bg5 15. Ncd5 Bxe3 16. Nxe3 Ne7 17. c3 Qb6 18. Qd2 Rfd8 19. Rad1 Rc7 20. b3
Rcd7 21. c4 Nc6 22. Nc2 Bg4 23. Rde1 Qc5 24. h3 Be6 25. Kh2 b5 26. cxb5 axb5
27. f4 f6 28. Ne3 Qd4 29. Qf2 Qb6 30. Rd1 b4 31. Qd2 Nd4 32. Nc2 Nxc2 33.
Qxc2 Rc7 34. Qd2 Rdd7 35. Rc1 Rc5 36. Rfd1 Qc7 37. f5 Bf7 38. Qe3 Rc3 39.
Rxc3 bxc3 40. Rc1 Qa5 41. Qxc3 Qxc3 42. Rxc3 Ra7 43. Rc2 Kf8 44. Kg1 Ke7 45.
Kf2 Kd7 46. Ke3 Ra5 47. Bf1 Bg8 48. Bd3 Bf7 49. Kd2 Bg8 50. Kc3 Rc5+ 51. Kb4
Kc6 52. Rxc5+ dxc5+ 53. Kc3 Kb6 54. Bc4 Bh7 55. Bd5 g6 56. g4 gxf5 57. gxf5
h5 58. Kc4 h4 59. a4 {Black forfeits on time} 1-0

[Event "ICCopen2016"]
[Site "Internet Chess Club"]
[Date "2016.06.04"]
[Round "4"]
[White "VerdeNotte"]
[Black "Red-white"]
[Result "1/2-1/2"]
[ICCResult "Game drawn by mutual agreement"]
[WhiteElo "2829"]
[BlackElo "3049"]
[Opening "Giuoco Pianissimo: Italian four knights variation"]
[ECO "C50"]
[NIC "IG.02"]
[Time "14:33:43"]
[TimeControl "180+0"]

1. e4 e5 2. Nf3 Nc6 3. Bc4 Bc5 4. d3 Nf6 5. Nc3 d6 6. a3 h6 7. Na4 Bb6 8. c3
Be6 9. Nxb6 axb6 10. Bxe6 fxe6 11. O-O O-O 12. Re1 Nh5 13. d4 Qf6 14. Be3
Nf4 15. dxe5 Nxe5 16. Nxe5 Qxe5 17. Qd2 Ra5 18. f3 Qg5 19. b4 Ra4 20. Kh1
Qf6 21. c4 e5 22. c5 bxc5 23. bxc5 Rfa8 24. cxd6 Qxd6 25. Qxd6 cxd6 26. Rab1
Rxa3 27. Bxf4 exf4 28. Rxb7 Ra1 29. Rbb1 Rxb1 30. Rxb1 Kf7 31. h4 g5 32.
Rb7+ Kf6 33. Rd7 Ra6 34. h5 g4 35. fxg4 Kg5 36. Rg7+ Kh4 37. Kh2 Ra2 38. Rf7
Kxg4 39. Rf6 Rf2 40. Kg1 Re2 41. Rxh6 Rxe4 42. Kf2 Kg5 43. Rxd6 Kxh5 44. Kf3
Ra4 45. Rd5+ Kg6 46. Kg4 Ra2 47. Rg5+ Kf6 48. Rf5+ Kg6 49. Rg5+ Kf6 50. Kh4
f3 51. gxf3 Rh2+ 52. Kg3 Kxg5 53. Kxh2 Kf4 54. Kg2 Kf5 55. Kg3 Kg5 56. f4+
Kf5 57. Kf3 {Game drawn by mutual agreement} 1/2-1/2

[Event "ICCopen2016"]
[Site "Internet Chess Club"]
[Date "2016.06.04"]
[Round "4"]
[White "Valai"]
[Black "aplusk"]
[Result "0-1"]
[ICCResult "White checkmated"]
[WhiteElo "2567"]
[BlackElo "2842"]
[Opening "QGD: Albin counter-gambit, Alapin variation"]
[ECO "D08"]
[NIC "QG.02"]
[Time "14:34:58"]
[TimeControl "180+0"]

1. d4 d5 2. c4 e5 3. dxe5 d4 4. Nf3 Nc6 5. Nbd2 Nge7 6. g3 Be6 7. Bg2 Qd7 8.
Ng5 Bf5 9. e6 fxe6 10. O-O h6 11. Nge4 g5 12. Nc5 Qc8 13. Nde4 Bg7 14. Rb1
O-O 15. b4 Rf7 16. Nd3 e5 17. b5 Nd8 18. Nec5 b6 19. Na6 e4 20. Ndb4 Nb7 21.
e3 d3 22. Bb2 Bxb2 23. Rxb2 Nc5 24. Nxc5 bxc5 25. Nd5 Nxd5 26. cxd5 Qd7 27.
Qb3 Rd8 28. f3 exf3 29. Bxf3 Qd6 30. Bh5 Rff8 31. g4 Be4 32. Rbf2 Qxd5 33.
Qc3 Rxf2 34. Rxf2 d2 35. Bf7+ Qxf7 36. Rxf7 d1=Q+ 37. Rf1 Qxg4+ 38. Kf2 Qf3+
39. Ke1 Rd1# {White checkmated} 0-1

[Event "ICCopen2016"]
[Site "Internet Chess Club"]
[Date "2016.06.04"]
[Round "4"]
[White "cap78red"]
[Black "ardapro"]
[Result "1-0"]
[ICCResult "Black forfeits on time"]
[WhiteElo "1360"]
[BlackElo "1460"]
[Opening "English: Caro-Kann defensive system"]
[ECO "A11"]
[NIC "EO.61"]
[Time "14:34:10"]
[TimeControl "180+0"]

1. c4 c6 2. Nc3 Nf6 3. e4 e5 4. d3 Bc5 5. Nge2 O-O 6. d4 exd4 7. Nxd4 Re8 8.
Be3 Nxe4 9. Nxc6 Nxc6 10. Nxe4 Rxe4 11. Be2 Bxe3 12. fxe3 Qa5+ 13. Qd2 Rxe3
14. b4 Qxb4 15. Qxb4 Nxb4 16. Kf2 Re8 17. Bf3 d6 18. Rab1 Nd3+ 19. Kg3 Nc5
20. Rhe1 Be6 21. Bxb7 Rab8 22. Bc6 Rec8 23. Rxb8 Rxb8 24. h3 Rb4 25. Bd5 h6
26. Bxe6 fxe6 27. Kh2 Rxc4 28. a4 d5 29. a5 Kf7 30. a6 Ke7 31. h4 Kd6 32.
Kg3 Nxa6 33. Kf3 Nc5 34. Ke3 Ne4 35. Ke2 a5 36. Kd3 a4 37. Ra1 Nf2+ 38. Ke3
{Black forfeits on time}
1-0

[Event "ICCopen2016"]
[Site "Internet Chess Club"]
[Date "2016.06.04"]
[Round "4"]
[White "abroz"]
[Black "Ancient"]
[Result "1-0"]
[ICCResult "Black resigns"]
[WhiteElo "2546"]
[BlackElo "2060"]
[Opening "French: advance, Euwe variation"]
[ECO "C02"]
[NIC "FR.03"]
[Time "14:34:02"]
[TimeControl "180+0"]

1. d4 e6 2. e4 d5 3. e5 c5 4. c3 Nc6 5. Nf3 Bd7 6. Be2 f6 7. O-O fxe5 8.
Nxe5 Nxe5 9. dxe5 Qc7 10. c4 O-O-O 11. cxd5 Qxe5 12. Nc3 Nf6 13. Bf3 Nxd5
14. Nxd5 exd5 15. Re1 Qf6 16. Be3 d4 17. Bd2 Bc6 18. Bxc6 Qxc6 19. Rc1 Kb8
20. Qb3 Bd6 21. Qf7 Rd7 22. Qe6 Re7 23. Qc4 Rhe8 24. Rxe7 Rxe7 25. g3 h6 26.
b4 b6 27. Qxd4 cxd4 28. Rxc6 Be5 29. Kg2 Kb7 30. b5 a6 31. a4 axb5 32. axb5
Rc7 33. Re6 Bf6 34. Bxh6 Rc5 35. h4 Rxb5 36. Bxg7 Bxg7 37. Re7+ Kc6 38. Rxg7
Rd5 39. Kf1 d3 40. Ke1 Kc5 41. Kd2 Kd4 42. Rg4+ Ke5 43. Rg5+ Ke4 44. Rxd5
Kxd5 45. Kxd3 b5 46. Kc3 Ke4 47. Kb4 Kf3 48. h5 Kg4 49. h6 Kf3 50. h7 Kxf2
51. g4 Kg3 52. g5 Kg4 53. g6 Kg5 54. g7 Kg6 55. g8=Q+ Kf5 56. h8=Q
{Black resigns}
1-0

[Event "ICCopen2016"]
[Site "Internet Chess Club"]
[Date "2016.06.04"]
[Round "4"]
[White "BlueJ"]
[Black "mrquinn"]
[Result "1-0"]
[ICCResult "Black forfeits on time"]
[WhiteElo "2079"]
[BlackElo "1354"]
[Opening "English opening"]
[ECO "A22"]
[NIC "EO.09"]
[Time "14:34:22"]
[TimeControl "180+0"]

1. c4 e5 2. Nc3 Nf6 3. Nf3 e4 4. Ng5 Qe7 5. Qc2 e3 6. dxe3 h6 7. Nge4 Nc6 8.
a3 d6 9. f3 Nxe4 10. Qxe4 Be6 11. b3 O-O-O 12. Qc2 Rg8 13. Bb2 Qh4+ 14. g3
Qg5 15. f4 Qe7 16. O-O-O g6 17. Bg2 Bf5 18. e4 Bg4 19. Nd5 Qe6 20. h3 Bh5
21. g4 Bxg4 22. hxg4 Qxg4 23. Bh3 Qxh3 24. Rxh3 h5 25. Nf6 Rg7 26. Rg1 Be7
27. f5 Bxf6 28. Bxf6 Rgg8 29. Bxd8 Rxd8 30. fxg6 Rd7 31. g7 b6 32. g8=Q+ Kb7
33. e5 Nxe5 34. Qe4+ Ka6 35. Qc8+ Ka5 36. Qeb7 {Black forfeits on time} 1-0

[Event "ICCopen2016"]
[Site "Internet Chess Club"]
[Date "2016.06.04"]
[Round "4"]
[White "blitzmaniac"]
[Black "LastKeks"]
[Result "0-1"]
[ICCResult "White resigns"]
[WhiteElo "2826"]
[BlackElo "3090"]
[Opening "Sicilian: closed"]
[ECO "B23"]
[NIC "SI.44"]
[Time "14:34:07"]
[TimeControl "180+0"]

1. e4 c5 2. Nc3 d6 3. f4 Nc6 4. Bb5 Bd7 5. Nf3 g6 6. Bc4 Bg7 7. O-O e6 8. d3
Nge7 9. f5 gxf5 10. Ng5 Ne5 11. Qh5 Kf8 12. exf5 Nxf5 13. Nxf7 Qe8 14. g4
Nxc4 15. gxf5 exf5 16. dxc4 Qxf7 17. Qf3 Bc6 18. Nd5 Rg8 19. Kh1 Re8 20.
Qxf5 Bxd5+ 21. cxd5 Qxf5 22. Rxf5+ Ke7 23. Bg5+ Kd7 24. c3 Be5 25. Raf1 Kc8
26. Bh4 Rg7 27. Rf7 Reg8 28. Rxg7 Rxg7 29. Rg1 Rf7 30. Kg2 b5 31. Bg3 Rg7
32. Rf1 Kd7 33. Rf5 c4 34. Rh5 b4 35. Kf3 bxc3 36. Bxe5 c2 37. Bf4 Rf7
{White resigns}
0-1

[Event "ICCopen2016"]
[Site "Internet Chess Club"]
[Date "2016.06.04"]
[Round "4"]
[White "VrloJakMK"]
[Black "ChampSeraph"]
[Result "1-0"]
[ICCResult "Black resigns"]
[WhiteElo "2163"]
[BlackElo "2648"]
[Opening "Queen's pawn: Keres defense"]
[ECO "A40"]
[NIC "QO.17"]
[Time "14:34:22"]
[TimeControl "180+0"]

1. d4 e6 2. c4 b6 3. e4 Bb7 4. Bd3 Nc6 5. Nf3 Nb4 6. O-O Nxd3 7. Qxd3 Ne7 8.
Nc3 d6 9. Bg5 g6 10. Nd2 Bg7 11. f4 Qd7 12. Rae1 O-O 13. d5 exd5 14. cxd5
Rae8 15. Rf3 h6 16. Bh4 Qg4 17. Bf2 Qc8 18. a4 Qa8 19. Bd4 f5 20. Bxg7 Kxg7
21. Qd4+ Kh7 22. Rfe3 fxe4 23. Rxe4 Nxd5 24. Rxe8 Rxe8 25. Rxe8 Qxe8 26.
Nxd5 Bxd5 27. Qxd5 Qe3+ 28. Kf1 Qxf4+ 29. Nf3 a5 30. Kf2 h5 31. h4 Kh6 32.
Qc6 Qb4 33. Qc1+ Kg7 34. Qxc7+ Kh6 35. Qc1+ Kh7 36. Qc3 Qxa4 37. Qc7+ Kh6
38. Qxb6 Qc2+ 39. Kg3 Qd3 40. Qxa5 d5 41. Qd2+ Qxd2 42. Nxd2 Kg7 43. Kf4 Kf6
44. Nf3 Ke6 45. Nd4+ {Black resigns} 1-0

[Event "ICCopen2016"]
[Site "Internet Chess Club"]
[Date "2016.06.04"]
[Round "4"]
[White "luke-skywalker"]
[Black "geemurfi"]
[Result "1-0"]
[ICCResult "Black checkmated"]
[WhiteElo "1672"]
[BlackElo "1865"]
[Opening "Nimzo-Indian: three knights variation"]
[ECO "E21"]
[NIC "NI.28"]
[Time "14:34:09"]
[TimeControl "180+0"]

1. d4 Nf6 2. c4 e6 3. Nc3 Bb4 4. Nf3 Bxc3+ 5. bxc3 b6 6. Qc2 Bb7 7. e3 d6 8.
Bd3 Nbd7 9. Bd2 O-O 10. O-O Qe7 11. e4 e5 12. Nh4 g6 13. Bh6 Rfe8 14. Nf3
Ng4 15. Bg5 Qf8 16. h3 Ngf6 17. a4 Qg7 18. Rfe1 h6 19. Bd2 Nh5 20. a5 Nf4
21. axb6 axb6 22. Bxf4 exf4 23. Rxa8 Bxa8 24. Qa4 f6 25. d5 Rf8 26. Bc2 Nc5
27. Qb5 g5 28. Nd4 g4 29. Nf5 Qg5 30. h4 Qh5 31. g3 fxg3 32. fxg3 Re8 33.
Bd1 Kh7 34. Bxg4 Qf7 35. Bf3 Nd3 36. Re3 Ne5 37. Be2 Qg6 38. Kh2 h5 39. Qa6
Ng4+ 40. Bxg4 Qxg4 41. Qa2 Rg8 42. Qe2 c6 43. Qxg4 hxg4 44. Nxd6 cxd5 45.
cxd5 Rd8 46. Nf5 Rc8 47. Nd6 Rd8 48. Nf5 Re8 49. c4 b5 50. cxb5 Kg6 51. b6
Bb7 52. Nd6 Rb8 53. Rc3 Ba6 54. Rc7 Rxb6 55. Nf5 Rb2+ 56. Kg1 Be2 57. Rg7+
Kh5 58. Rh7+ Kg6 59. Rh6+ Kf7 60. Rh7+ Kf8 61. Rh6 Bf3 62. Rxf6+ Ke8 63.
Re6+ Kd8 64. Rd6+ Ke8 65. Re6+ Kd8 66. Kf1 Rb4 67. Nd6 Kd7 68. Kf2 Rb8 69.
Ke3 Rf8 70. Nf5 Rb8 71. Re7+ Kd8 72. Rg7 Rb2 73. Kf4 Ke8 74. Re7+ Kf8 75. d6
Rd2 76. d7 Bxe4 77. Re8+ Kf7 78. d8=Q Rxd8 79. Rxd8 Bxf5 80. Kxf5 Kg7 81.
Kxg4 Kh6 82. Rd5 Kg6 83. h5+ Kf6 84. Kh4 Kg7 85. Rg5+ Kh6 86. g4 Kh7 87. Rg6
Kh8 88. Kg5 Kh7 89. Kf6 Kh8 90. Kf7 Kh7 91. g5 Kh8 92. Rh6# {Black
checkmated} 1-0

[Event "ICCopen2016"]
[Site "Internet Chess Club"]
[Date "2016.06.04"]
[Round "4"]
[White "toguho"]
[Black "kamalchandran"]
[Result "0-1"]
[ICCResult "White forfeits on time"]
[WhiteElo "1587"]
[BlackElo "1850"]
[Opening "Vienna gambit"]
[ECO "C29"]
[NIC "VG.03"]
[Time "14:34:07"]
[TimeControl "180+0"]

1. e4 e5 2. Nc3 Nf6 3. f4 d5 4. fxe5 Nxe4 5. Nf3 Nc6 6. d3 Nxc3 7. bxc3 Bg4
8. d4 Be7 9. Be2 O-O 10. O-O f6 11. exf6 Bxf6 12. a4 Re8 13. Qd3 Qe7 14. Rf2
Bh4 15. g3 Bf6 16. Bd2 Rad8 17. Re1 Qa3 18. Ne5 Nxe5 19. dxe5 Bxe2 20. Rfxe2
Be7 21. e6 Qxa4 22. Re5 d4 23. Rh5 g6 24. Rh6 Bf8 25. Rxg6+ Kh8 26. e7 Rxe7
27. Rxe7 Bxe7 {White forfeits on time} 0-1

[Event "ICCopen2016"]
[Site "Internet Chess Club"]
[Date "2016.06.04"]
[Round "4"]
[White "Last7Samurai"]
[Black "Rammstein"]
[Result "1-0"]
[ICCResult "Black forfeits on time"]
[WhiteElo "2811"]
[BlackElo "2162"]
[Opening "French: Tarrasch, closed variation, main line"]
[ECO "C06"]
[NIC "FR.17"]
[Time "14:34:19"]
[TimeControl "180+0"]

1. e4 e6 2. d4 d5 3. Nd2 Nf6 4. e5 Nfd7 5. Bd3 c5 6. c3 Nc6 7. Ne2 cxd4 8.
cxd4 f6 9. exf6 Qxf6 10. Nf3 Bd6 11. O-O h6 12. b3 O-O 13. Bb2 Rd8 14. Ng3
Nf8 15. Re1 Bd7 16. Ne5 Be8 17. Nh5 Qg5 18. Ng3 Nxe5 19. dxe5 Bc5 20. Rc1
Bb6 21. Qe2 Rac8 22. Bb1 Bg6 23. Kh1 Bxb1 24. Rxb1 Ng6 25. Rbc1 Nf4 26. Qd2
Rxc1 27. Bxc1 Rf8 28. f3 Qh4 29. Ba3 Rf7 30. Rc1 g6 31. Bc5 Bxc5 32. Rxc5
Kg7 33. Qc2 Qe7 34. b4 b6 35. Rc8 Qxb4 36. h3 Qe1+ 37. Kh2 h5 38. Qc1 Qf2
39. Qf1 Qd4 40. Qe1 h4 41. Nf1 Rf5 42. Rc7+ {Black forfeits on time} 1-0

[Event "ICCopen2016"]
[Site "Internet Chess Club"]
[Date "2016.06.04"]
[Round "4"]
[White "BISPOMAU"]
[Black "KAPAMA3OB"]
[Result "0-1"]
[ICCResult "White resigns"]
[WhiteElo "2104"]
[BlackElo "2706"]
[Opening "QGD semi-Slav: Stoltz variation"]
[ECO "D45"]
[NIC "SL.08"]
[Time "14:34:38"]
[TimeControl "180+0"]

1. d4 e6 2. c4 d5 3. Nf3 c6 4. e3 Nf6 5. Nc3 Nbd7 6. Qc2 Bd6 7. g4 h6 8. h3
Qe7 9. Bd2 a6 10. O-O-O b5 11. c5 Bc7 12. Rg1 e5 13. g5 hxg5 14. Nxg5 e4 15.
f3 exf3 16. e4 b4 17. Na4 Nxe4 18. Nxe4 dxe4 19. Rxg7 e3 20. Bc4 Rf8 21.
Bxb4 Nf6 22. Re1 Rb8 23. Qc3 Bf4 24. Kb1 Ne4 25. Qa3 f2 26. Rxe3 Bxe3 27.
Qxe3 Rxb4 28. Bd3 Rxa4 29. Rg2 Nc3+ {White resigns} 0-1

[Event "ICCopen2016"]
[Site "Internet Chess Club"]
[Date "2016.06.04"]
[Round "4"]
[White "Imperator15"]
[Black "Skeptic1972"]
[Result "1-0"]
[ICCResult "Black forfeits on time"]
[WhiteElo "2856"]
[BlackElo "1354"]
[Opening "QGD: Tarrasch defense"]
[ECO "D32"]
[NIC "TD.11"]
[Time "14:33:49"]
[TimeControl "180+0"]

1. d4 d5 2. c4 e6 3. Nf3 c5 4. cxd5 exd5 5. Nc3 Nc6 6. dxc5 d4 7. Na4 Bf5 8.
e3 d3 9. Bd2 Nf6 10. g3 Ne4 11. Bg2 Be7 12. Rc1 O-O 13. O-O Qd7 14. b4 Qe6
15. a3 Bg4 16. Nc3 f5 17. h3 Bh5 18. Nxe4 fxe4 19. Ng5 Qh6 20. Qb3+ Kh8 21.
Nxe4 Be2 22. Rfe1 Ne5 23. f4 Nf3+ 24. Bxf3 Bxf3 25. Nf2 Bh4 26. Kh2 Rad8 27.
e4 Be2 28. Rg1 Bf6 29. c6 Bd4 30. c7 Rc8 31. Nxd3 Bxg1+ 32. Rxg1 Rxc7 33.
Ne5 Re7 34. Be3 Rxe5 35. fxe5 Qh5 36. Qb2 Bg4 37. Qg2 Rf3 38. Bf4 Rxa3 39.
Rf1 Ra2 40. Qxa2 Qxh3+ 41. Kg1 Bf3 42. Rxf3 g5 43. Qg2 Qg4 44. Bxg5 Qxg5 45.
Rf4 Qxe5 46. Qf3 Qa1+ 47. Kg2 Qd4 48. Qf2 {Black forfeits on time} 1-0

[Event "ICCopen2016"]
[Site "Internet Chess Club"]
[Date "2016.06.04"]
[Round "4"]
[White "Platyborg"]
[Black "Peretyatko"]
[Result "1-0"]
[ICCResult "Black resigns"]
[WhiteElo "2948"]
[BlackElo "2760"]
[Opening "Sicilian: Pelikan (Lasker/Sveshnikov) variation"]
[ECO "B33"]
[NIC "SI.35"]
[Time "14:34:25"]
[TimeControl "180+0"]

1. e4 c5 2. Nf3 Nc6 3. d4 cxd4 4. Nxd4 Nf6 5. Nc3 e5 6. Ndb5 h6 7. Nd5 Nxd5
8. exd5 a6 9. Nc3 Nd4 10. Bd3 d6 11. O-O g6 12. a4 Bg7 13. a5 Bd7 14. Bd2
O-O 15. Na4 Bxa4 16. Rxa4 Qd7 17. c3 Nf5 18. Rb4 Ne7 19. Qb3 Rab8 20. Bxa6
Qc7 21. Rxb7 Rxb7 22. Qxb7 Qxa5 23. Bc4 Nf5 24. Qb4 Qxb4 25. cxb4 Rb8 26. b3
h5 27. Ra1 e4 28. Ra6 Bd4 29. b5 e3 30. fxe3 Nxe3 31. Bxe3 Bxe3+ 32. Kf1 Bc5
33. Rc6 Rb7 34. Ke2 Kf8 35. Kd3 Ke7 36. Kc3 Kd7 37. Be2 Bb6 38. g4 hxg4 39.
Bxg4+ f5 40. Bf3 Rc7 41. b4 g5 42. h3 Rxc6+ 43. bxc6+ Kc7 44. Kd3 g4 45.
Bxg4 fxg4 46. hxg4 Kd8 47. Ke4 Ke7 48. Kf5 Kf7 49. g5 Ke7 50. g6 Bd8 51. g7
Kf7 52. g8=Q+ Kxg8 53. Ke6 Kf8 54. Kd7 Bb6 55. c7 {Black resigns} 1-0

[Event "ICCopen2016"]
[Site "Internet Chess Club"]
[Date "2016.06.04"]
[Round "4"]
[White "amirrezap"]
[Black "Astigmatist"]
[Result "0-1"]
[ICCResult "White forfeits on time"]
[WhiteElo "2359"]
[BlackElo "1986"]
[Opening "Scandinavian defense"]
[ECO "B01"]
[NIC "SD.03"]
[Time "14:33:34"]
[TimeControl "180+0"]

1. e4 d5 2. exd5 Nf6 3. Nc3 Nxd5 4. Bc4 Nb6 5. Bb3 c5 6. d3 Bf5 7. Nf3 e6 8.
O-O Nc6 9. Re1 Be7 10. Bf4 O-O 11. Ne4 Rc8 12. Ng3 Bg6 13. Qe2 Bf6 14. Ne5
Nd4 15. Qd1 Nxb3 16. axb3 a6 17. Qd2 Nd5 18. Nxg6 hxg6 19. Be5 Bxe5 20. Rxe5
Qf6 21. Rae1 Rfd8 22. h3 b5 23. Qe2 Nb4 24. Rf1 Nc6 25. Re3 Nd4 26. Qd2 c4
27. bxc4 bxc4 28. c3 Nb3 29. Qc2 Qf4 30. d4 Rb8 31. Ne4 Rb6 32. Rf3 Qb8 33.
Ng5 Rd7 34. Qe4 Qb7 35. Qh4 Kf8 36. Nxe6+ Rxe6 37. Qh8+ Ke7 38. Qxg7 Kd6 39.
Qh6 Qe4 40. Qg5 Rb7 41. Re3 Qf5 42. Qg3+ Kd7 43. Rfe1 Nd2 44. Rxe6 fxe6 45.
Qh4 Rxb2 46. Qh7+ Kd6 47. Qg8 Ne4 48. Qd8+ Kc6 49. Qa8+ Kd6 50. Qxe4 Qxe4
51. Rxe4 Rc2 52. Re5 Rxc3 53. Ra5 Rd3 54. Rxa6+ Kd5 55. Ra5+ Kxd4 56. Kf1 c3
57. Ke2 Rd2+ 58. Ke1 Rd3 59. Ra8 c2 60. Re8 Rc3 61. Rd8+ Ke5
{White forfeits on time}
0-1

[Event "ICCopen2016"]
[Site "Internet Chess Club"]
[Date "2016.06.04"]
[Round "4"]
[White "Chanikya"]
[Black "jc-arias"]
[Result "1-0"]
[ICCResult "Black forfeits on time"]
[WhiteElo "2733"]
[BlackElo "2148"]
[Opening "Queen's pawn"]
[ECO "A40"]
[NIC "QO.17"]
[Time "14:34:59"]
[TimeControl "180+0"]

1. d4 e6 2. Bf4 f5 3. e3 Nf6 4. Nf3 b6 5. Be2 Bb7 6. h3 Be7 7. Nbd2 c5 8. c3
Nc6 9. a4 cxd4 10. exd4 O-O 11. O-O Nd5 12. Bh2 Rf6 13. Nc4 d6 14. Re1 Rg6
15. a5 Qd7 16. axb6 axb6 17. Rxa8+ Bxa8 18. Qa4 Bb7 19. Qb5 Qc7 20. Bf1
{Black forfeits on time}
1-0

[Event "ICCopen2016"]
[Site "Internet Chess Club"]
[Date "2016.06.04"]
[Round "4"]
[White "hedgie"]
[Black "PolishRyszard"]
[Result "1/2-1/2"]
[ICCResult "Game drawn by repetition"]
[WhiteElo "2071"]
[BlackElo "1711"]
[Opening "Modern defense"]
[ECO "A40"]
[NIC "QO.17"]
[Time "14:34:36"]
[TimeControl "180+0"]

1. d4 g6 2. c4 Bg7 3. Nc3 c5 4. d5 e5 5. g3 d6 6. Bg2 Ne7 7. e3 O-O 8. Nge2
f5 9. f4 Nd7 10. h3 a6 11. a4 b6 12. Kf2 Rb8 13. Qc2 Rf7 14. b3 Nf8 15. Bb2
Bd7 16. Rag1 Qe8 17. Bf1 b5 18. cxb5 axb5 19. axb5 Bxb5 20. Nxb5 Qxb5 21.
Nc1 Qb7 22. Bc4 Nd7 23. g4 fxg4 24. Rxg4 exf4 25. Rxf4 Rbf8 26. Nd3 Rxf4+
27. exf4 Ne5 28. Nxe5 dxe5 29. d6+ Kh8 30. dxe7 Rxf4+ 31. Ke2 Qxe7 32. Ra1
Qb7 33. Qd3 Qg2+ 34. Kd1 Qg1+ 35. Ke2 Qf2+ 36. Kd1 Qg1+ 37. Ke2 Qg2+ 38. Kd1
Qg1+ 39. Ke2 Qg2+ {Game drawn by repetition} 1/2-1/2